 Dungeon Crawl Stone Soup version 0.19.0-26-g9e9c210 (webtiles) character file.

525 jerryfan the Firebug (level 6, -1/47 HPs)
             Began as a Demigod Fire Elementalist on Nov 23, 2016.
             Slain by a bullfrog skeleton (4 damage)
             ... on level 5 of the Dungeon.
             The game lasted 00:24:57 (3631 turns).

jerryfan the Firebug (Demigod Fire Elementalist)    Turns: 3631, Time: 00:24:57

Health: -1/47      AC:  7    Str: 11    XL:     6   Next: 71%
Magic:  12/13      EV: 13    Int: 23    God:
Gold:   124        SH:  0    Dex: 16    Spells: 3 memorised, 4 levels left

rFire  . . .     SeeInvis .     j - +1 whip (elec)
rCold  . . .     Gourm    .     r - +3 leather armour {rPois}
rNeg   . . .     Faith    .     (no shield)
rPois  +         Spirit   .     (no helmet)
rElec  .         Reflect  .     (no cloak)
rCorr  .         Harm     .     i - +0 pair of gloves
MR     .....                    (no boots)
Stlth  ++........               q - amulet of magic regeneration
                                (no ring)
                                (no ring)

@: slowed, very slow
A: high mp 1
a: no special abilities


You were on level 5 of the Dungeon.
You were hungry.

You visited 1 branch of the dungeon, and saw 5 of its levels.

You collected 124 gold pieces.

Inventory:

Hand Weapons
 j - a +1 whip of electrocution (weapon)
Missiles
 g - 4 needles of frenzy
Armour
 a - a +0 robe
 d - a +1 ring mail of fire resistance
 h - a +0 leather armour
 i - a +0 pair of gloves (worn)
 r - a +3 leather armour of poison resistance (worn)
 u - a +0 robe
Jewellery
 f - an uncursed amulet of regeneration
 q - an amulet of magic regeneration (around neck)
 s - an uncursed amulet of rage
Scrolls
 k - a scroll of enchant armour
 l - 2 scrolls of amnesia
 n - 2 scrolls of identify
 p - a scroll of remove curse
Books
 b - a book of Flames

   Spells                             Type                      Level
   a - Flame Tongue                   Conjuration/Fire             1
   b - Throw Flame                    Conjuration/Fire             2
   c - Conjure Flame                  Conjuration/Fire             3
   d - Inner Flame                    Hexes/Fire                   3
   e - Sticky Flame                   Conjuration/Fire             4
   f - Fireball                       Conjuration/Fire             5
Comestibles
 c - 5 bread rations
 m - a chunk of flesh
 o - a meat ration
 t - a beef jerky
 v - 5 fruits


   Skills:
 + Level 1.0 Fighting
 + Level 2.1 Maces & Flails
 + Level 2.1 Armour
 + Level 2.7 Dodging
 + Level 2.5 Stealth
 + Level 3.2 Spellcasting
 + Level 1.9 Conjurations
 + Level 4.2 Fire Magic


You had 4 spell levels left.
You knew the following spells:

 Your Spells              Type           Power        Failure   Level  Hunger
a - Flame Tongue          Conj/Fire      ###..        6%          1    None
b - Throw Flame           Conj/Fire      ###...       10%         2    ##.....
c - Sticky Flame          Conj/Fire      ###.....     50%         4    ####...


Dungeon Overview and Level Annotations

Branches:
Dungeon (5/15)
 Temple: D:4-7

Annotations:
D:4 Eustachio


Innate Abilities, Weirdness & Mutations

You have an increased reservoir of magic. (+10% MP)


Message History

The centaur is almost dead.
The bullfrog skeleton hits you.
* * * LOW HITPOINT WARNING * * *
The centaur hits you but does no damage.
The orc wizard gestures at you while chanting.
You feel yourself slow down. The bullfrog skeleton misses you.
The crimson imp misses you.
You closely miss the crimson imp. The centaur closely misses you.
The orc hits you with a club.
* * * LOW HITPOINT WARNING * * *
The centaur barely misses you.
The bullfrog skeleton barely misses you.
The crimson imp barely misses you. The orc closely misses you.
You aren't carrying any potions.
You hit the crimson imp.
The crimson imp is heavily wounded.
The centaur hits you.
* * * LOW HITPOINT WARNING * * *
The bullfrog skeleton hits you.
You die...

.............
.............. . ...
......... ..
#.#o.....#...#... ...
#.#...##.#...#..#....
o..#.................. .
...#.#...##.#..c#..#....
..............o5@.......
.....#...##....Zo5......
.....#...##........o....
.........(..............
.........###...##..#.#..
.#...#<..# #...# ..#.# .
.....................#
......................
........c###.%.##..#.#


You could see a centaur, an orc wizard, 2 crimson imps, 2 orcs and a bullfrog
skeleton.

Vanquished Creatures
  The ghost of Quirk the Skirmisher, an amateur MiFi (D:3)
  A scorpion (D:4)
  3 orc priests
  Terence (D:3)
  An iguana (D:3)
  3 orc wizards
  A howler monkey skeleton (D:4)
  5 adders
  2 oozes
  An adder skeleton (D:4)
  A worm (D:2)
  A dart slug (D:1)
  A leopard gecko (D:3)
  17 orcs
  2 ball pythons (D:3)
  3 bats (D:2)
  7 goblins
  8 hobgoblins
  5 jackals
  A quokka (D:4)
  2 frilled lizards
  14 kobolds
  7 rats
  A fungus (D:2)
89 creatures vanquished.

Notes
Turn   | Place    | Note
-------+----------+-------------------------------------------
     0 | D:1      | jerryfan the Demigod Fire Elementalist began the quest for the Orb.
     0 | D:1      | Reached XP level 1. HP: 14/14 MP: 5/5
   225 | D:1      | Reached skill level 3 in Fire Magic
   225 | D:1      | Reached XP level 2. HP: 17/20 MP: 4/7
   316 | D:1      | Learned a level 2 spell: Throw Flame
  1090 | D:2      | Reached XP level 3. HP: 26/26 MP: 0/8
  1175 | D:2      | Reached skill level 1 in Conjurations
  1356 | D:2      | Found a blossoming altar of Fedhas.
  1500 | D:2      | Found a burning altar of Makhleb.
  1788 | D:2      | Reached XP level 4. HP: 33/33 MP: 10/10
  1854 | D:3      | Noticed Quirk's ghost (amateur MiFi)
  2023 | D:4      | Reached skill level 1 in Armour
  2441 | D:4      | Reached XP level 5. HP: 22/38 MP: 2/12
  2541 | D:4      | Found a stormy altar of Qazlal.
  2683 | D:4      | Noticed Eustachio
  2732 | D:3      | Reached skill level 1 in Maces & Flails
  2759 | D:3      | Reached skill level 4 in Fire Magic
  2827 | D:3      | Reached XP level 6. HP: 7/46 MP: 10/13
  3091 | D:3      | Learned a level 4 spell: Sticky Flame
  3101 | D:3      | Killed Quirk's ghost
  3132 | D:3      | Noticed Terence
  3164 | D:3      | Killed Terence
  3587 | D:5      | Entered Level 5 of the Dungeon
  3623 | D:5      | Reached skill level 1 in Fighting
  3631 | D:5      | Slain by a bullfrog skeleton

Skill      XL: |  1  2  3  4  5  6 |
---------------+-------------------+-----
Spellcasting   | 2 3 |  3.2
Fire Magic     | 3 4 |  4.2
Stealth        | 2 |  2.5
Conjurations   | 1 |  1.9
Armour         | 1 2 |  2.1
Dodging        | 2 |  2.7
Maces & Flails | 1 2 |  2.1
Fighting       | 1 |  1.0

Action                   |  1- 3 |  4- 6 || total
-------------------------+-------+-------++-------
Melee: Unarmed           |     4 |       ||     4
       Whip              |    29 |   152 ||   181
 Cast: Flame Tongue      |    47 |    46 ||    93
       Throw Flame       |    11 |    13 ||    24
       Sticky Flame      |       |     1 ||     1
  Use: Scroll            |     6 |     1 ||     7
       Potion            |     1 |     4 ||     5
 Stab: Sleeping          |       |     3 ||     3
  Eat: Chunk             |     3 |       ||     3
       Meat ration       |       |     1 ||     1
       Royal jelly       |       |     1 ||     1
Armor: Leather armour    |    12 |    79 ||    91
       Robe              |     1 |       ||     1
Dodge: Dodged            |    33 |   129 ||   162
